 Dungeon Crawl Stone Soup version 0.21.1-1-g345015f (webtiles) character file.

24819 empire the Carver (level 12, -16/159 HPs)
             Began as a Minotaur Fighter on June 1, 2018.
             Was the Champion of Cheibriados.
             Demolished by a skeletal warrior
             ... wielding a +0 glaive
             ... led by a skeletal warrior
              (19 damage)
             ... on level 13 of the Dungeon on June 2, 2018.
             The game lasted 00:40:55 (11741 turns).

empire the Carver (Minotaur Fighter)               Turns: 11741, Time: 00:40:56

Health: -16/159    AC: 14    Str: 45    XL:     12   Next: 84%
Magic:  18/18      EV:  2    Int: 20    God:    Cheibriados [******]
Gold:   427        SH: 19    Dex: 28    Spells: 11/11 levels left

rFire    . . .     SeeInvis .   b - +3 long sword of the Valley {venom, rElec rPois}
rCold    + . .     Gourm    .   Z - +0 shield
rNeg     + + +     Faith    .   (armour currently unavailable)
rPois    +         Spirit   .   (helmet currently unavailable)
rElec    +         Reflect  +   (cloak currently unavailable)
rCorr    .         Harm     .   (gloves currently unavailable)
MR       +++..     NoTele   +   (boots currently unavailable)
Stlth    ++........             U - +5 amulet of reflection
HPRegen  0.36/turn              (no ring)
MPRegen  0.16/turn              j - ring "Wuajag" {*Corrode rC+ rN+ MR+++ Dex+2}

@: mighty, tree-form, corroded, very slow
A: (retaliatory headbutt)
a: Bend Time, Temporal Distortion, Slouch, Step From Time, Renounce Religion


You were on level 13 of the Dungeon.
You worshipped Cheibriados.
Cheibriados was exalted by your worship.
You were hungry.
You were a tree.
You visited 2 branches of the dungeon, and saw 14 of its levels.
You also visited: Ossuary.

You collected 947 gold pieces.
You spent 520 gold pieces at shops.

Inventory:

Hand Weapons
 a - the +3 mace of Attad {crush, MR+ SInv}
   (You found it on level 5 of the Dungeon)

   It inflicts extra damage upon your enemies.
   It affects your resistance to hostile enchantments.
   It lets you see invisible.
 b - the +3 long sword of the Valley (weapon) {venom, rElec rPois}
   (You found it on level 4 of the Dungeon)

   It poisons the flesh of those it strikes.
   It insulates you from electricity.
   It protects you from poison.
 k - a +0 dagger of speed
 l - a +1 great mace of holy wrath
 q - a +0 dagger of venom
Missiles
 o - 11 javelins (quivered)
Armour
 p - a +1 chain mail of fire resistance
 w - +0 ice dragon scales (melded)
 W - a +1 pair of boots (melded)
 X - a +1 cloak (melded)
 Z - a +0 shield (worn)
Jewellery
 i - an uncursed ring of poison resistance
 j - the ring "Wuajag" (right branch) {*Corrode rC+ rN+ MR+++ Dex+2}
   (You found it on level 8 of the Dungeon)

   [ring of positive energy]

   It affects your dexterity (+2).
   It protects you from cold.
   It protects you from negative energy.
   It affects your resistance to hostile enchantments.
   It may corrode you when you take damage.
 v - an uncursed ring of protection from cold
 y - an uncursed ring of protection from fire
 O - an uncursed ring of protection from cold
 U - a +5 amulet of reflection (around neck)
Wands
 n - a wand of flame (92)
 s - a wand of iceblast (18)
 N - a wand of paralysis (10)
 V - a wand of disintegration (8)
Scrolls
 h - a scroll of amnesia
 m - a scroll of enchant weapon
 r - a scroll of fog
 t - 2 scrolls of brand weapon
 u - a scroll of identify
 D - 3 scrolls of teleportation
 M - 6 scrolls of remove curse
Potions
 d - 3 potions of might
 e - 6 potions of curing
 g - 3 potions of flight
 z - a potion of heal wounds
 A - a potion of cancellation {unknown}
 C - a potion of lignification
 E - 2 potions of agility
 J - 2 potions of ambrosia {unknown}
 P - 2 potions of mutation
 R - a potion of resistance
Comestibles
 f - 17 rations


   Skills:
 - Level 10.0 Fighting
 - Level 10.1 Long Blades
 - Level 10.0 Armour
 - Level 10.0 Dodging
 - Level 5.1 Shields
 - Level 10.0 Invocations
 + Level 9.4 Evocations


You had 11 spell levels left.
You didn't know any spells.

Dungeon Overview and Level Annotations

Branches:
Dungeon (13/15)            Temple (1/1) D:7            Lair (0/6) D:10
    Orc (0/2) D:11
 Vaults: D:13-14

Altars:
Ashenzari
Cheibriados
Dithmenos
Elyvilon
Fedhas
Gozag
Hepliaklqana
Kikubaaqudgha
Makhleb
Nemelex Xobeh
Okawaru
Qazlal
Ru
Sif Muna
Trog
Uskayaw
Vehumet
Wu Jian
Xom
Yredelemnul
Zin
The Shining One
Beogh

Shops:
D:5 *   D:8 =!(*   D:10 [

Annotations:
D:13 Maurice


Innate Abilities, Weirdness & Mutations

((You reflexively headbutt those who attack you in melee.))
((You have a pair of horns on your head.))


Message History

The skeletal warrior hits you from afar with a glaive.
* * * LOW HITPOINT WARNING * * *
As you read the scroll labeled HUCLUT TAI, it crumbles to dust.
It is a scroll of brand weapon.
Really abort (and waste the scroll)? [Y]es or [N]o only, please.
Really abort (and waste the scroll)?
Okay, then.
The bullfrog hits you but does no damage.
The skeletal warrior hits you with a flail!
* * * LOW HITPOINT WARNING * * *
You hear some strange, mumbled words.
You block the skeletal warrior's attack. x2
You block the bullfrog's attack.
You slash the bullfrog!
You kill the bullfrog!
Cheibriados thoroughly appreciates the change of pace.
The skeletal warrior hits you but does no damage.
The skeletal warrior hits you from afar with a glaive!!
You die...

....... ..}....
....... .......
#....... .......
#.......#
.......##+#.......#
..................#
.........zzT......#
.....[.))z♣.# ...#
.......†††z.###...#
........z)........#
#+###########.....#
+.....# #.....#
#.....# ##.....#
#......#


You could see 5 skeletal warriors and a troll.

Vanquished Creatures
  Rupert (D:12)
  An ice dragon (D:12)
  Fannar (D:12)
  2 hydras
  A queen ant (D:9)
  The ghost of AdmiralAndromeda the Archer, a novice CeHu of Makhleb (D:9)
  3 two-headed ogres
  The ghost of empire the Carver, a novice MiFi of Cheibriados (D:7)
  A wizard (D:12)
  The ghost of empire the Carver, a novice MiFi of Cheibriados (D:6)
  2 orc sorcerers (D:12)
  A cyclops (D:11)
  An elephant (D:10)
  A gargoyle (D:11)
  2 polar bears (D:12)
  A hornet (D:11)
  A slime creature (D:8)
  2 hippogriffs
  20 yaks
  A basilisk (D:10)
  A wyvern (D:13)
  A human (D:10)
  Menkaure (D:5)
  2 hungry ghosts (D:8)
  2 acid dragons
  Edmund (D:5)
  5 soldier ants (D:9)
  2 water moccasins (D:8)
  4 ice beasts
  7 orc warriors
  3 sky beasts
  5 phantoms
  7 ogres
  2 centaurs
  3 wolves (D:12)
  A crocodile (D:10)
  3 big kobolds
  3 elf zombies (Ossuary)
  6 bullfrogs
  A water moccasin zombie (D:7)
  4 scorpions
  7 wights
  8 killer bees (D:7)
  2 howler monkeys
  6 crimson imps
  5 bullfrog zombies
  6 centaur zombies
  4 human zombies (Ossuary)
  7 orc priests
  8 hounds
  A jelly (D:12)
  A gnoll shaman (D:7)
  2 bullfrog skeletons
  2 centaur skeletons
  5 iguanas
  7 orc wizards
  38 worker ants
  3 mummies (Ossuary)
  A hound skeleton (D:4)
  2 howler monkey zombies (D:6)
  Robin (D:2)
  3 worker ant zombies
  5 gnolls (D:7)
  10 adders
  An adder zombie (D:8)
  4 worms
  3 dart slugs
  6 leopard geckos
  46 orcs
  3 giant cockroaches
  15 goblins
  10 hobgoblins
  12 jackals
  5 quokkas
  2 ball pythons
  4 bats
  3 frilled lizards
  22 kobolds
  A leopard gecko skeleton (D:4)
  13 rats
  A bush (D:4)
394 creatures vanquished.

Vanquished Creatures (others)
  A centaur (D:10)
1 creature vanquished.

Grand Total: 395 creatures vanquished

Notes
Turn   | Place    | Note
-------+----------+-------------------------------------------
     0 | D:1      | empire the Minotaur Fighter began the quest for the Orb.
     0 | D:1      | Reached XP level 1. HP: 19/19 MP: 0/0
   421 | D:1      | Reached XP level 2. HP: 26/26 MP: 1/1
   708 | D:1      | Found a shattered altar of Ashenzari.
   938 | D:2      | Noticed Robin
   943 | D:2      | Reached XP level 3. HP: 19/31 MP: 2/2
   955 | D:2      | Killed Robin
  1449 | D:2      | Reached XP level 4. HP: 26/39 MP: 3/3
  1720 | D:2      | Found a burning altar of Makhleb.
  2167 | D:3      | Reached skill level 5 in Long Blades
  2490 | D:3      | Noticed an ogre
  2506 | D:3      | Killed an ogre
  2506 | D:3      | Reached skill level 5 in Armour
  2506 | D:3      | Reached XP level 5. HP: 20/45 MP: 4/4
  2861 | D:4      | Found a radiant altar of Vehumet.
  2928 | D:4      | Noticed an ice beast
  2940 | D:4      | Killed an ice beast
  2940 | D:4      | Reached XP level 6. HP: 44/51 MP: 5/5
  2963 | D:4      | Got a slimy long sword
  2964 | D:4      | Identified the +3 long sword of the Valley {venom, rElec rPois} (You found it on level 4 of the Dungeon)
  3402 | D:5      | Entered Level 5 of the Dungeon
  3474 | D:5      | Noticed Edmund
  3476 | D:5      | Reached XP level 7. HP: 57/57 MP: 6/6
  3485 | D:5      | Killed Edmund
  3519 | D:5      | Got a steaming mace
  3562 | D:5      | Noticed Menkaure
  3568 | D:5      | Reached skill level 1 in Dodging
  3577 | D:5      | Killed Menkaure
  3577 | D:5      | Reached XP level 8. HP: 47/64 MP: 7/7
  3802 | D:5      | Found an opulent altar of Gozag.
  3804 | D:5      | Found Gozag's Platinum Reserve.
  4274 | D:6      | Found a sand-covered staircase.
  4281 | Ossuary  | Entered an ossuary
  4443 | Ossuary  | Reached skill level 5 in Shields
  4460 | Ossuary  | Reached skill level 5 in Fighting
  4478 | Ossuary  | Reached skill level 5 in Dodging
  4531 | D:6      | Identified the +3 mace of Attad {crush, MR+ SInv} (You found it on level 5 of the Dungeon)
  4616 | D:5      | Found a white marble altar of Elyvilon.
  4669 | D:6      | Noticed empire's ghost (novice MiFi)
  4684 | D:6      | Killed empire's ghost
  4684 | D:6      | Reached XP level 9. HP: 67/79 MP: 8/8
  4986 | D:6      | Found a hide-covered altar of Uskayaw.
  5543 | D:7      | Found a staircase to the Ecumenical Temple.
  5631 | Temple   | Entered the Ecumenical Temple
  5693 | Temple   | Became a worshipper of Cheibriados the Contemplative
  6009 | D:7      | Noticed empire's ghost (novice MiFi)
  6028 | D:7      | Killed empire's ghost
  6028 | D:7      | Reached * piety under Cheibriados
  6028 | D:7      | Reached XP level 10. HP: 54/88 MP: 9/9
  6248 | D:8      | Found Biub's Jewellery Shop.
  6314 | D:8      | Bought a +5 amulet of reflection for 453 gold pieces
  6386 | D:8      | Found a runed door.
  6386 | D:8      | Found a runed door.
  6688 | D:8      | Reached skill level 10 in Long Blades
  6688 | D:8      | Reached skill level 10 in Armour
  6771 | D:8      | Reached skill level 1 in Invocations
  6777 | D:8      | Noticed a two-headed ogre
  6777 | D:8      | Reached skill level 1 in Evocations
  6783 | D:8      | Killed a two-headed ogre
  7151 | D:8      | Got an ancient bronze ring
  7154 | D:8      | Got a slimy copper ring
  7163 | D:8      | Got a slimy marble ring
  7166 | D:8      | Got a coiled amber ring
  7347 | D:8      | Found Wetre's Distillery.
  7363 | D:8      | Bought a potion of agility for 48 gold pieces
  7380 | D:8      | Found Vuiza's Assorted Antiques.
  7382 | D:8      | Bought a wand of flame (28) for 19 gold pieces
  7400 | D:8      | Reached ** piety under Cheibriados
  7471 | D:8      | Found Tajagg's Weapon Boutique.
  7923 | D:9      | Noticed AdmiralAndromeda's ghost (novice CeHu)
  7941 | D:9      | Killed AdmiralAndromeda's ghost
  8009 | D:9      | Found a roughly hewn altar of Beogh.
  8022 | D:9      | Reached *** piety under Cheibriados
  8135 | D:9      | Found a basalt altar of Yredelemnul.
  8144 | D:9      | Reached XP level 11. HP: 97/97 MP: 12/12
  8320 | D:9      | Noticed a queen ant
  8331 | D:9      | Killed a queen ant
  8339 | D:9      | Reached **** piety under Cheibriados
  8576 | D:9      | Identified the ring "Juresis" {MP+9 Str+4} (You found it on level 8 of the Dungeon)
  8577 | D:9      | Identified the ring "Nimuh" {Ice rN+ Stlth+} (You found it on level 8 of the Dungeon)
  8578 | D:9      | Identified the ring "Wuajag" {*Corrode rC+ rN+ MR+++ Dex+2} (You found it on level 8 of the Dungeon)
  8579 | D:9      | Identified the ring "Cofeluo" {*Tele rN+ Str+7 Dex-5} (You found it on level 8 of the Dungeon)
  8584 | D:10     | Entered Level 10 of the Dungeon
  8628 | D:10     | Reached ***** piety under Cheibriados
  8652 | D:10     | Found Caibrash's Armour Shoppe.
  8689 | D:10     | Found a staircase to the Lair.
  8702 | D:10     | Reached skill level 10 in Fighting
  8702 | D:10     | Reached skill level 10 in Dodging
  8703 | D:10     | Reached skill level 5 in Invocations
  8764 | D:10     | Noticed a two-headed ogre
  8774 | D:10     | Killed a two-headed ogre
  8774 | D:10     | Reached skill level 5 in Evocations
  9141 | D:10     | You fall through a shaft for 2 floors!
  9200 | D:12     | Noticed Fannar
  9212 | D:12     | Killed Fannar
  9313 | D:11     | Reached XP level 12. HP: 28/106 MP: 16/16
  9324 | D:11     | Noticed a two-headed ogre
  9328 | D:11     | Killed a two-headed ogre
 10321 | D:11     | Found a staircase to the Orcish Mines.
 10323 | D:11     | Noticed a six-headed hydra
 10327 | D:11     | Killed a seven-headed hydra
 10728 | D:12     | Noticed a five-headed hydra
 10740 | D:12     | Killed a nine-headed hydra
 10788 | D:12     | Noticed Rupert
 10800 | D:12     | Killed Rupert
 10858 | D:12     | Reached ****** piety under Cheibriados
 11108 | D:12     | Noticed an ice dragon
 11122 | D:12     | Killed an ice dragon
 11137 | D:12     | Reached skill level 10 in Invocations
 11708 | D:13     | Noticed Maurice
 11740 | D:13     | HP: 3/159 [skeletal warrior/flail[a skeletal warrior] (13)]
 11741 | D:13     | Demolished by a skeletal warrior

Skill      XL: |  1  2  3  4  5  6  7  8  9 10 11 12 |
---------------+-------------------------------------+-----
Long Blades    | 3 4 6 7 8 9 10 | 10.1
Armour         | 4 5 6 8 9 10 | 10.0
Dodging        | 3 6 8 9 10 | 10.0
Shields        | 5 |  5.1
Fighting       | 7 8 9 10 | 10.0
Invocations    | 3 7 10 | 10.0
Evocations     | 3 6 9 |  9.4

Action                   |  1- 3 |  4- 6 |  7- 9 | 10-12 || total
-------------------------+-------+-------+-------+-------++-------
Melee: Long sword        |    89 |   142 |   338 |   507 ||  1076
       Headbutt          |    18 |    23 |    74 |   205 ||   320
Evoke: Wand              |       |       |       |     9 ||     9
  Use: Potion            |     2 |       |       |     7 ||     9
       Scroll            |       |     5 |    11 |    15 ||    31
  Eat: Chunk             |     2 |     6 |     9 |    11 ||    28
Armor: Scale mail        |    44 |     1 |       |       ||    45
       Chain mail        |       |    69 |   151 |   128 ||   348
       Plate armour      |       |       |       |    38 ||    38
       Ice dragon scales |       |       |       |    14 ||    14
       Skin              |       |       |       |    13 ||    13
Dodge: Dodged            |    35 |    24 |   111 |   303 ||   473
Block: Shield            |    56 |    81 |   183 |   649 ||   969
       Reflection        |       |       |       |    21 ||    21
       Rpst.: Long sword |     5 |     5 |    36 |    65 ||   111
